 Dungeon Crawl Stone Soup version 0.17-a0-1655-g88a8506 (webtiles) character file.

77875 karlkraus the Peltast (level 15, -6/136 HPs)
             Began as a Minotaur Fighter on Aug 15, 2015.
             Was the Champion of Qazlal.
             Mangled by Polyphemus (8 damage)
             ... on level 2 of the Shoals.
             The game lasted 01:08:06 (21177 turns).

karlkraus the Peltast (Minotaur Fighter)           Turns: 21177, Time: 01:08:06

Health: -6/136     AC: 42    Str: 23    XL:     15   Next: 16%
Magic:  5/5        EV: 13    Int:  5    God:    Qazlal [******]
Gold:   2728       SH: 24    Dex: 21    Spells: 0 memorised, 14 levels left

rFire  + . .     SeeInvis +     M - +4 flail (protect)
rCold  + . .     Clarity  +     a - +10 plate armour {ponderous}
rNeg   . . .     SustAt   .     c - +0 shield
rPois  +         Gourm    .     (helmet restricted)
rElec  +         Spirit   .     F - +1 cloak
rCorr  .         Warding  .     E - +1 pair of gloves
rMut   .         Stasis   .     (no boots)
MR     ++...                    q - amulet of clarity
Stlth  ..........               g - +4 ring of protection
                                t - ring of Ephemeral Luck {rPois rC+ MP-9 Dex+9 SInv}

@: protected from physical damage, repel missiles, slow, very resistant to
hostile enchantments, extremely unstealthy
A: retaliatory headbutt, horns 2, see invisible, clumsy 1, deterioration 1, fire
resistance 1, magic resistance 1, sense surroundings 1, electricity resistance,
spit poison 1, evolution 1
a: Spit Poison, Upheaval, Elemental Force, Disaster Area, Renounce Religion


You were on level 2 of the Shoals.
You worshipped Qazlal.
Qazlal was exalted by your worship.
You were near starving.

You visited 5 branches of the dungeon, and saw 26 of its levels.
You also visited: Sewer and Bailey.

You collected 2728 gold pieces.

Inventory:

Hand weapons
 M - a +4 flail of protection (weapon)
Armour
 a - a +10 plate armour of ponderousness (worn)
 c - a +0 shield (worn)
 E - a +1 pair of gloves (worn)
 F - a +1 cloak (worn)
 I - the +8 chain mail of Protective Custody {+Inv rN+ Int+3}
   (You found it on level 5 of the Dungeon)

   It affects your intelligence (+3).
   It protects you from negative energy.
   It lets you turn invisible.
Jewellery
 g - a +4 ring of protection (right hand)
 j - an uncursed ring of fire
 k - a +3 ring of dexterity
 q - an amulet of clarity (around neck)
 t - the ring of Ephemeral Luck (left hand) {rPois rC+ MP-9 Dex+9 SInv}
   (You found it on level 11 of the Dungeon)

   [ring of see invisible]

   It affects your dexterity (+9).
   It protects you from cold.
   It protects you from poison.
   It affects your magic capacity (-9).
   It lets you see invisible.
 S - an uncursed ring of wizardry {unknown}
Magical devices
 d - a wand of heal wounds (6)
 z - a wand of frost (20)
 O - a wand of flame (16)
 X - a wand of digging (11)
Scrolls
 i - 3 scrolls of amnesia
 l - a scroll of fear
 v - 2 scrolls of recharging
 y - 9 scrolls of remove curse
 D - 2 scrolls of fog
 G - 2 scrolls of teleportation
 K - 2 scrolls of magic mapping
 L - a scroll of holy word {unknown}
 P - a scroll of acquirement {unknown}
 U - a scroll of vulnerability {unknown}
 W - 2 scrolls of enchant weapon
 Z - a scroll of enchant armour {unknown}
Potions
 b - 4 potions of berserk rage
 f - 2 potions of mutation {unknown}
 h - 2 potions of magic {unknown}
 p - 5 potions of lignification
 r - 3 potions of haste
 s - 3 potions of resistance
 u - 7 potions of curing
 w - 4 potions of flight
 A - 4 potions of cancellation
 C - 5 potions of brilliance
 H - a potion of agility
 T - 2 potions of cure mutation
 V - 2 potions of might
Books
 m - a book of Summonings

   Spells                             Type                      Level
   a - Recall                         Summoning/Translocation      3
   b - Aura of Abjuration             Summoning                    5
   c - Shadow Creatures               Summoning                    5
   d - Summon Demon                   Summoning                    5
   e - Summon Forest                  Summoning/Translocation      5
   f - Summon Mana Viper              Hexes/Summoning              5
 J - a book of Spatial Translocations

   Spells                             Type                      Level
   a - Apportation                    Translocation                1
   b - Blink                          Translocation                2
   c - Shroud of Golubria             Charms/Translocation         2
   d - Portal Projectile              Translocation                3
   e - Teleport Other                 Translocation                3
   f - Passage of Golubria            Translocation                4
 R - a book of the Warp

   Spells                             Type                      Level
   a - Recall                         Summoning/Translocation      3
   b - Gell's Gravitas                Hexes/Translocation          3
   c - Force Lance                    Conjuration/Translocation    4
   d - Phase Shift                    Translocation                5
   e - Warp Weapon                    Charms/Translocation         5
   f - Summon Forest                  Summoning/Translocation      5
Miscellaneous
 N - a sack of spiders {used: 1}
Comestibles
 e - 13 bread rations
 n - a chunk of flesh
 o - a beef jerky
 x - 5 fruits
 B - 3 slices of pizza
 Q - 8 meat rations


   Skills:
 + Level 13.2 Fighting
 + Level 15.5 Maces & Flails
 + Level 12.3 Armour
 + Level 9.0 Dodging
 + Level 2.0 Stealth
 + Level 18.8 Shields


You had 14 spell levels left.
You didn't know any spells.

Dungeon Overview and Level Annotations

Branches:
Dungeon (15/15)            Temple (1/1) D:5            Lair (4/8) D:11
 Shoals (2/4) Lair:4        Snake (0/4) Lair:4          Orc (4/4) D:9
    Elf (0/3) Orc:4        Vaults (0/5) D:14
 Depths: D:15

Altars:
Ashenzari
Cheibriados
Dithmenos
Elyvilon
Fedhas
Gozag
Kikubaaqudgha
Makhleb
Nemelex Xobeh
Okawaru
Qazlal
Ru
Sif Muna
Trog
Vehumet
Xom
Yredelemnul
Zin
The Shining One

Shops:
D:8 %   D:11 :   Orc:4 [?*%

Annotations:
Shoals:2 Polyphemus


Innate Abilities, Weirdness & Mutations

You reflexively headbutt those who attack you in melee.
You have a pair of horns on your head.
You have supernaturally acute eyesight.
You are clumsy. (Dex -2)
Your body sometimes deteriorates upon taking damage.
Your flesh is heat resistant.
You are resistant to hostile enchantments.
You passively map a small area around you.
You are resistant to electric shocks.
You can spit weak poison.
You evolve.


Message History

You headbutt the centaur. The merfolk misses you. The water nymph touches you.
The water nymph drowns you!
* * * LOW HITPOINT WARNING * * *
You block the death yak's attack.
The merfolk hits you but does no damage.
Your unstable footing causes you to fumble your attack.
You are near starving!
The merfolk is engulfed in freezing vapours.
The merfolk hits you but does no damage.
You block the centaur's attack.
Your unstable footing causes you to fumble your attack.
You block the death yak's attack. The water nymph casts a spell at you.
The water swirls and strikes you!
* * * LOW HITPOINT WARNING * * *
The merfolk closely misses you.
The merfolk hits you but does no damage.
You block the centaur's attack. You block Polyphemus's attack.
Polyphemus hits you!
You die...

≈
≈...≈≈...≈≈≈≈≈.##
≈
.≈≈.≈≈≈≈≈≈≈≈≈≈≈..
,≈ ,
..≈≈≈≈≈≈≈≈≈≈≈≈≈≈.
≈
..≈≈≈≈≈≈≈≈≈≈≈≈≈≈≈
*
≈≈≈≈≈≈≈≈≈≈≈≈≈≈≈≈≈
≈
≈..≈...≈≈≈≈≈≈≈≈≈≈≈
≈ #§m§≈≈(≈≈≈≈ ≈
,,, *##cC(≈≈≈≈≈≈ ≈
, #m@m§≈≈≈≈≈≈≈ ≈
.....m≈≈Y≈≈≈≈≈≈≈≈
*
.###≈≈m§§§§.≈≈≈≈≈
≈ , #.≈≈≈....≈≈≈≈≈
≈ ,
..≈≈≈≈≈.≈(≈≈≈≈≈ ≈
, ≈≈(≈≈≈≈≈≈≈≈(≈≈≈≈
,
≈≈≈≈≈≈≈≈≈≈≈≈≈≈≈≈≈
≈≈≈
≈≈≈≈≈≈≈≈≈≈≈≈≈≈≈≈≈
≈


You could see Polyphemus, a death yak, 3 merfolk, a water nymph, a siren and a
centaur.

Vanquished Creatures
  The ghost of abixa the Brawler, a mighty GrFi of Okawaru (Orc:4)
  An orc warlord (Bailey)
  The ghost of cmdexe the Fighter, a powerful DsFi of Okawaru (Orc:4)
  A merfolk impaler (Shoals:1)
  4 vault guards (D:14)
  Fannar (D:11)
  A catoblepas (D:14)
  A merfolk aquamancer (Shoals:1)
  5 hydras
  Erica (D:8)
  3 centaur warriors
  5 orc high priests (Orc:4)
  Nergalle (Lair:4)
  6 hill giants
  6 sea snakes
  Pikel (D:6)
  An orc sorcerer (Orc:3)
  7 ugly things
  8 orc knights
  2 cyclopes (D:14)
  8 griffons
  5 manticores
  An oklob plant (D:12)
  3 water nymphs (Shoals:1)
  3 elephants (Lair:2)
  2 sirens (Shoals:1)
  4 black mambas
  An orange crystal statue (D:10)
  Sigmund (D:6)
  5 centaur skeletons
  7 spiny frogs
  A gargoyle (D:14)
  4 komodo dragons
  A demonic crawler (D:13)
  A fire drake (Lair:4)
  6 merfolk
  8 trolls
  A two-headed ogre (D:13)
  2 wind drakes (Shoals:1)
  Grinder (D:4)
  A boulder beetle (D:13)
  A trapdoor spider (D:13)
  2 shadows
  4 wraiths
  2 wyverns
  2 deep elf magi
  4 water elementals (Shoals:1)
  A spriggan (D:7)
  10 hippogriffs
  3 steam dragons
  A hungry ghost (D:8)
  23 yaks
  Menkaure (D:6)
  3 basilisks
  3 wolves (Lair:4)
  Edmund (D:6)
  4 vampire mosquitoes (D:12)
  A warg (Orc:3)
  7 water moccasins
  4 nagas (Lair:4)
  5 porcupines
  Duvessa (D:4)
  4 ice beasts
  2 wasps
  3 phantoms
  42 orc warriors
  2 sky beasts
  2 eyes of draining
  A necrophage (D:6)
  9 crocodiles
  6 ogres
  16 centaurs
  15 giant frogs
  2 big kobolds
  A gnoll sergeant (D:8)
  Dowan (D:4)
  A wyvern skeleton (D:14)
  7 scorpions
  14 killer bees
  16 wights
  A spectral centaur (D:11)
  5 hounds
  An electric eel (D:10)
  9 jellies
  7 crimson imps
  4 giant frog zombies
  33 orc wizards
  3 centaur zombies
  34 orc priests
  2 giant frog skeletons
  Jessica (D:3)
  6 iguanas
  16 worker ants
  9 sheep
  A hound zombie (D:10)
  A hound skeleton (D:5)
  2 worker ant zombies (D:11)
  26 gnolls
  17 adders
  29 river rats
  2 shadow imps
  12 oozes
  2 adder skeletons (D:8)
  4 worms
  5 giant geckos
  192 orcs
  7 giant cockroaches
  25 hobgoblins
  5 jackals
  7 quokkas
  5 ball pythons
  12 bats
  4 giant newts
  21 goblins
  36 kobolds
  30 rats
  14 fungi
  14 plants
954 creatures vanquished.

Vanquished Creatures (others)
  A demonic crawler (D:13)
  A slave (D:6)
  A crimson imp (D:6)
  An orc (Orc:4)
  4 fungi
8 creatures vanquished.

Grand Total: 962 creatures vanquished

Notes
Turn   | Place    | Note
--------------------------------------------------------------
     0 | D:1      | karlkraus the Minotaur Fighter began the quest for the Orb.
     0 | D:1      | Reached XP level 1. HP: 19/19 MP: 0/0
    79 | D:1      | Reached XP level 2. HP: 20/27 MP: 1/1
   184 | D:1      | Reached skill level 4 in Armour
   553 | D:2      | Reached XP level 3. HP: 33/33 MP: 2/2
   749 | D:2      | Found a sparkling altar of Nemelex Xobeh.
  1290 | D:3      | Noticed Jessica
  1292 | D:3      | Killed Jessica
  1292 | D:3      | Reached XP level 4. HP: 40/40 MP: 3/3
  1387 | D:3      | Reached skill level 1 in Dodging
  1564 | D:3      | Noticed an ogre
  1570 | D:3      | Killed an ogre
  1570 | D:3      | Reached skill level 5 in Armour
  1570 | D:3      | Reached skill level 5 in Shields
  1570 | D:3      | Reached XP level 5. HP: 46/46 MP: 4/4
  1668 | D:3      | Found a burning altar of Makhleb.
  1669 | D:3      | Found a shimmering altar of Xom.
  1777 | D:3      | Reached XP level 6. HP: 32/52 MP: 5/5
  1850 | D:4      | Noticed Dowan
  1851 | D:4      | Noticed Duvessa
  1859 | D:4      | Killed Duvessa
  1859 | D:4      | Reached skill level 1 in Stealth
  1870 | D:4      | Killed Dowan
  1966 | D:4      | Noticed Grinder
  2005 | D:4      | Paralysed by Grinder for 7 turns
  2027 | D:4      | Paralysed by Grinder for 7 turns
  2043 | D:4      | Paralysed by Grinder for 4 turns
  2048 | D:4      | Killed Grinder
  2048 | D:4      | Reached skill level 6 in Shields
  2048 | D:4      | Reached XP level 7. HP: 3/60 MP: 6/6
  2295 | D:4      | Found a glowing drain.
  2311 | Sewer    | Entered a sewer
  2399 | Sewer    | Reached skill level 5 in Fighting
  3042 | D:4      | Reached skill level 5 in Maces & Flails
  3059 | D:4      | Reached XP level 8. HP: 41/68 MP: 7/7
  3356 | D:5      | Entered Level 5 of the Dungeon
  3370 | D:5      | Reached skill level 7 in Shields
  3449 | D:5      | Got a fine chain mail
  3460 | D:5      | Identified the +8 chain mail of Protective Custody {+Inv rN+ Int+3} (You found it on level 5 of the Dungeon)
  3580 | D:5      | Found an ancient bone altar of Kikubaaqudgha.
  3644 | D:5      | Found a burning altar of Makhleb.
  3726 | D:5      | Found a staircase to the Ecumenical Temple.
  3751 | Temple   | Entered the Ecumenical Temple
  4184 | D:5      | Reached skill level 8 in Shields
  4308 | D:6      | Noticed Sigmund
  4308 | D:6      | Noticed Pikel
  4314 | D:6      | Killed Pikel
  4314 | D:6      | Reached skill level 5 in Dodging
  4314 | D:6      | Reached XP level 9. HP: 58/78 MP: 8/8
  4334 | D:6      | Killed Sigmund
  4334 | D:6      | Reached skill level 9 in Shields
  4368 | D:6      | Identified the Reference Book on Malediction
  4471 | D:6      | Noticed Menkaure
  4479 | D:6      | Killed Menkaure
  4520 | D:6      | Noticed a moth of wrath
  4523 | D:6      | Found a bloodstained altar of Trog.
  4802 | D:6      | Noticed Edmund
  4808 | D:6      | Killed Edmund
  5206 | D:7      | Reached skill level 10 in Shields
  5288 | D:7      | Found a sparkling altar of Nemelex Xobeh.
  5378 | D:7      | Reached XP level 10. HP: 71/86 MP: 9/9
  5632 | D:8      | Found Useja's Food Emporium.
  5753 | D:8      | Noticed Erica
  5762 | D:8      | Killed Erica
  6280 | D:8      | Reached skill level 11 in Shields
  6349 | D:8      | Gained mutation: You are resistant to electric shocks. [potion of beneficial mutation]
  6692 | D:9      | Gained mutation: You have supernaturally acute eyesight. [mutagenic meat]
  6693 | D:9      | Gained mutation: You are partially covered in large bone plates (AC +2, SH +2). [mutagenic meat]
  6694 | D:9      | Gained mutation: You evolve. [mutagenic meat]
  6695 | D:9      | Gained mutation: You are robust (+10% HP). [mutagenic meat]
  6697 | D:9      | Gained mutation: You are dopey. (Int -2) [mutagenic meat]
  6854 | D:9      | Found a staircase to the Orcish Mines.
  6885 | D:9      | Found a stormy altar of Qazlal.
  6907 | D:9      | Became a worshipper of Qazlal Stormbringer
  7047 | D:9      | Found an opulent altar of Gozag.
  7048 | D:9      | Found a sacrificial altar of Ru.
  7140 | D:9      | Found a deep blue altar of Sif Muna.
  7203 | D:10     | Entered Level 10 of the Dungeon
  7217 | D:10     | Noticed a hill giant
  7235 | D:10     | Killed a hill giant
  7235 | D:10     | Reached XP level 11. HP: 84/104 MP: 10/10
  7301 | D:10     | Noticed a hill giant
  7311 | D:10     | Killed a hill giant
  7311 | D:10     | Reached skill level 10 in Maces & Flails
  7319 | D:10     | Reached skill level 12 in Shields
  7813 | D:10     | Got a transparent steam dragon armour
  7817 | D:10     | Identified the +1 steam dragon armour "Aqohuohisi" {*Contam rF++ MP+9} (You found it on level 10 of the Dungeon)
  8638 | D:11     | Noticed Fannar
  8672 | D:11     | Killed Fannar
  8707 | D:11     | Reached skill level 10 in Armour
  8755 | D:11     | Found Vekaaz's Book Shoppe.
  8887 | D:11     | Acquired Qazlal's first power
  8944 | D:11     | Gained mutation: You passively map a small area around you. [mutagenic meat]
  9062 | D:11     | Got a smoking iron ring
  9167 | D:11     | Reached skill level 13 in Shields
  9299 | D:11     | Found a staircase to the Lair.
  9380 | D:11     | Lost mutation: You are dopey. (Int -2) [evolution]
  9514 | D:11     | Acquired Qazlal's second power
  9747 | D:12     | Noticed a hill giant
  9760 | D:12     | Killed a hill giant
  9865 | D:12     | Noticed a hill giant
  9872 | D:12     | Killed a hill giant
  9872 | D:12     | Reached XP level 12. HP: 113/116 MP: 11/11
 10334 | D:12     | Reached skill level 10 in Fighting
 10647 | D:12     | Acquired Qazlal's third power
 10869 | D:13     | Noticed a six-headed hydra
 10877 | D:13     | Killed a six-headed hydra
 10877 | D:13     | Reached skill level 14 in Shields
 10940 | D:13     | Noticed a centaur warrior
 10989 | D:13     | Killed a centaur warrior
 11325 | D:13     | Acquired Qazlal's fourth power
 11346 | D:13     | Identified the ring of Ephemeral Luck {rPois rC+ MP-9 Dex+9 SInv} (You found it on level 11 of the Dungeon)
 11698 | D:14     | Lost mutation: You are partially covered in large bone plates (AC +2, SH +2). [evolution]
 11727 | D:14     | Noticed a four-headed hydra
 11735 | D:14     | Killed a four-headed hydra
 11743 | D:14     | Reached skill level 15 in Shields
 11836 | D:14     | Noticed a catoblepas
 11844 | D:14     | Noticed a centaur warrior
 11851 | D:14     | Noticed a vault guard
 11872 | D:14     | Killed a centaur warrior
 11872 | D:14     | Reached XP level 13. HP: 51/127 MP: 0/12
 11877 | D:14     | Noticed a vault guard
 11878 | D:14     | Killed a catoblepas
 11903 | D:14     | Killed a vault guard
 11913 | D:14     | Killed a vault guard
 11922 | D:14     | Noticed a vault guard
 11937 | D:14     | Noticed a centaur warrior
 11947 | D:14     | Killed a vault guard
 11953 | D:14     | Killed a centaur warrior
 12004 | D:14     | Noticed a vault guard
 12019 | D:14     | Killed a vault guard
 12085 | D:14     | Acquired Qazlal's fifth power
 12097 | D:14     | Gained mutation: You are clumsy. (Dex -2) [mutagenic meat]
 12098 | D:14     | Gained mutation: Your body sometimes deteriorates upon taking damage. [mutagenic meat]
 12099 | D:14     | Lost mutation: You are robust (+10% HP). [mutagenic meat]
 12101 | D:14     | Found a gate to the Vaults.
 12252 | D:14     | Noticed a six-headed hydra
 12258 | D:14     | Killed a six-headed hydra
 12354 | D:14     | Found a snail-covered altar of Cheibriados.
 12523 | D:15     | Entered Level 15 of the Dungeon
 12636 | D:12     | Reached skill level 16 in Shields
 12844 | D:9      | Gained mutation: You can spit weak poison. [evolution]
 12862 | Orc:1    | Entered Level 1 of the Orcish Mines
 13050 | Orc:1    | Found a flagged portal.
 13060 | Bailey   | Entered a bailey
 13229 | Bailey   | Noticed an orc warlord
 13248 | Bailey   | Killed an orc warlord
 14890 | Orc:4    | Entered Level 4 of the Orcish Mines
 15158 | Orc:4    | Reached XP level 14. HP: 34/126 MP: 4/13
 15203 | Orc:4    | HP: 4/126 [orc priest/divine providence (17)]
 15224 | Orc:4    | Gained mutation: You are resistant to hostile enchantments. [potion of beneficial mutation]
 15225 | Orc:4    | Gained mutation: Your flesh is heat resistant. [potion of beneficial mutation]
 15310 | Orc:4    | Noticed abixa's ghost (mighty GrFi)
 15342 | Orc:3    | HP: 6/126 [orc knight/long sword (16)]
 15342 | Orc:3    | HP: 2/126 [orc knight/battleaxe (4)]
 15686 | Orc:4    | Reached skill level 17 in Shields
 16033 | Orc:4    | Noticed cmdexe's ghost (powerful DsFi)
 16413 | Orc:4    | Found Makk's Antique Armour Shop.
 16413 | Orc:4    | Found Viwalyon's Food Shop.
 16414 | Orc:4    | Found Cischitz's Magic Scroll Shop.
 16414 | Orc:4    | Found Yczaahoj's General Store.
 16744 | Orc:4    | Killed cmdexe's ghost
 16903 | Orc:4    | Killed abixa's ghost
 16907 | Orc:4    | Found a staircase to the Elven Halls.
 17253 | Lair:1   | Entered Level 1 of the Lair of Beasts
 17428 | Lair:1   | Found a white marble altar of Elyvilon.
 19697 | Lair:3   | Reached skill level 15 in Maces & Flails
 19739 | Lair:4   | Reached skill level 18 in Shields
 19787 | Lair:4   | Found a staircase to the Snake Pit.
 19808 | Lair:4   | Found a staircase to the Shoals.
 19866 | Lair:4   | Noticed Nergalle
 19907 | Lair:4   | Killed Nergalle
 20331 | Shoals:1 | Entered Level 1 of the Shoals
 20424 | Shoals:1 | Found an iron altar of Okawaru.
 20589 | Shoals:1 | Reached XP level 15. HP: 132/135 MP: 5/14
 21163 | Shoals:2 | Noticed Polyphemus
 21177 | Shoals:2 | HP: 2/136 [water nymph/the raging water (11)]
 21177 | Shoals:2 | Mangled by Polyphemus

Vault maps used:
D:1:      mrwooster_arrival_statue_2
D:2:      minmay_misc_feat_five, nemelex_diamond_rough_becter
D:3:      grunt_temple_overflow_champion_of_chaos, first_bread, uniq_jessica
D:4:      portal_sewer_entry_a, uniq_duvessa, uniq_grinder
D:5:      kiku_gazebo_pond_becter, minmay_temple_entry_purple_smoke,
          serial_glass, glass_columns_b, glass_columns_b, minivault_25,
          makhleb_heckhound_becter
D:6:      tgw_trog, uniq_menkaure, uniq_sigmund, uniq_pikel, uniq_edmund
D:7:      nemelex_xobeh_ov_fountains_minmay, minivault_4, the_bakery
D:8:      serial_shops, shop, uniq_erica
D:9:      grunt_qazlal_sundering, minitemple, orc_0_dummy, lemuel_blue_sif_altar
D:10:     statuecave_lemuel
D:11:     lair_0_dummy, serial_shops, shop, hangedman_weighted_door, uniq_fannar
D:12:     lemuel_slime, kennysheep_potato
D:13:     lab_entry_generic, grunt_decor_cap, einodemon_crawler_minivault
D:14:     lightli_vaults_fourway_checkpoint, lemuel_tele_altar
D:15:     gammafunk_depths_entry_grave, hangedman_decor_growths
Temple:   triangle_lava_temple_11
Lair:1:   basic_altar
Lair:3:   minmay_holes, st_stairs_4, roderic_batcave, grunt_megastairs_2
Lair:4:   minmay_shoals_entry_beasts, minmay_snake_entry_guardpost_small,
          uniq_nergalle
Shoals:1: lemuel_centaur_altar
Shoals:2: hangedman_shoals_cup_caves, uniq_polyphemus
Orc:1:    enter_bailey_7
Orc:2:    nicolae_orc_crystal_geode
Orc:3:    nicolae_orc_pool_cavern
Orc:4:    st_orc_pillars
Sewer:    sewer_minmay_treatment
Bailey:   bailey_axe_minmay_hex_keep, bailey

Action                   |  1- 3 |  4- 6 |  7- 9 | 10-12 | 13-15 || total
-------------------------+-------+-------+-------+-------+-------++-------
Melee: Flail             |    75 |    62 |   400 |   991 |  1563 ||  3091
Evoke: Sack of spiders   |       |       |       |       |     1 ||     1
  Use: Potion            |       |     1 |     2 |     8 |    12 ||    23
       Scroll            |       |       |       |    30 |    10 ||    40
 Stab: Distracted        |       |     1 |       |       |       ||     1
  Eat: Chunk             |       |     3 |     9 |    28 |    29 ||    69
       Beef jerky        |       |       |     1 |       |       ||     1
       Pizza             |       |       |       |     1 |       ||     1
       Fruit             |       |       |       |     1 |     6 ||     7
       Royal jelly       |       |       |       |       |     1 ||     1
